 Dungeon Crawl Stone Soup version 0.24.1-8-ga250c9d538 (webtiles) character file.

Game seed: 12406743250527739889, levelgen mode: deterministic

43 Gynju the Sneak (level 3, 0/21 HPs)
             Began as an Octopode Wizard on Apr 30, 2020.
             Slain by a gnoll
             ... wielding a +0 spear
              (10 damage)
             ... on level 2 of the Dungeon on May 1, 2020.
             The game lasted 00:02:36 (1772 turns).

Gynju the Sneak (Octopode Wizard)                   Turns: 1772, Time: 00:02:37

Health: 0/21       AC:  1    Str:  6    XL:     3   Next: 58%
Magic:  2/7        EV: 13    Int: 21    God:
Gold:   63         SH:  0    Dex: 10    Spells: 7/8 levels left

rFire    . . .     SeeInvis .   k - +0 whip
rCold    . . .     Gourm    .   (no shield)
rNeg     . . .     Faith    .   a - +0 hat
rPois    +         Spirit   .   (no amulet)
rElec    .         Reflect  .   d - ring of poison resistance
rCorr    .         Harm     .   (no ring)
MR       .....                  (no ring)
Stlth    +++.......             (no ring)
HPRegen  0.07/turn              (no ring)
MPRegen  0.10/turn              (no ring)
                                (no ring)
                                (no ring)

@: no status effects
A: almost no armour, stealthy swim, amphibious, 8 rings, constrict 8, camouflage
1, gelatinous body 1
a: no special abilities


You were on level 2 of the Dungeon.
You were very hungry.

You visited 1 branch of the dungeon, and saw 2 of its levels.

You collected 63 gold pieces.

Inventory:

Hand Weapons
 k - a +0 whip (weapon)
Armour
 a - a +0 hat (worn)
Jewellery
 d - a ring of poison resistance (left tentacle)
Scrolls
 b - a scroll of immolation {unknown}
 e - 2 scrolls of enchant weapon {unknown}
 f - 2 scrolls of identify {unknown}
 h - a scroll of enchant armour {unknown}
Potions
 g - a potion of experience {unknown}
 i - a potion of heal wounds {unknown}
 j - a potion of mutation {unknown}
Comestibles
 c - 2 rations


   Skills:
 - Level 2.0 Dodging
 + Level 3.8 Stealth
 + Level 3.4 Spellcasting
 + Level 2.0 Conjurations
   Level 1.0 Summonings
   Level 1.0 Translocations


You had 7 spell levels left.
You knew the following spells:

 Your Spells              Type           Power        Failure   Level  Hunger
a - Magic Dart            Conj           ##..         5%          1    None

Your spell library contained the following spells:

 Spells                   Type           Power        Failure   Level  Hunger
 Blink                    Tloc           N/A          13%         2    ##.....
 Call Imp                 Summ           #.......     13%         2    ##.....
 Slow                     Hex            #.......     19%         2    ##.....
 Conjure Flame            Conj/Fire      #.......     26%         3    ###....
 Mephitic Cloud           Conj/Pois/Air  #.......     28%         3    ###....


Dungeon Overview and Level Annotations

Branches:
Dungeon (2/15)

Altars:


Innate Abilities, Weirdness & Mutations

You cannot wear most types of armour.
You are very stealthy in the water. (Stealth+)
You are amphibious.
You can wear up to eight rings at the same time.
You can use your tentacles to constrict eight enemies at once.
Your skin changes colour to match your surroundings (Stealth+).
Your rubbery body absorbs attacks. (AC +1, EV +1)


Message History

The magic dart hits the gnoll.
The gnoll is lightly wounded.
Casting: Magic Dart (safe; 5% risk of failure)
Confirm with . or Enter, or press ? or * to list all spells.
Aiming: Magic Dart (safe; 5% risk of failure)
Press: ? - help, Shift-Dir - straight line, f/p - gnoll
Aim: a gnoll, wielding a +0 spear (lightly wounded)
The magic dart hits the gnoll.
The gnoll is moderately wounded.
The gnoll hits you from afar with a +0 spear!
Ouch! That really hurt!
Casting: Magic Dart (safe; 5% risk of failure)
Confirm with . or Enter, or press ? or * to list all spells.
Aiming: Magic Dart (safe; 5% risk of failure)
Press: ? - help, Shift-Dir - straight line, f/p - gnoll
Aim: a gnoll, wielding a +0 spear (moderately wounded)
The magic dart hits the gnoll but does no damage.
The gnoll is moderately wounded.
The gnoll hits you from afar with a +0 spear!
You die...

###########
#.....<...#
#.#######.#
#.# #.# #@#
#.# #g..
#####.#.##
....##.#
#..##.# #...
#..###.###..
. #..#
#.#.###...#
.# #..#
#.##...#


You could see a gnoll.

Vanquished Creatures
  2 oozes (D:1)
  A dart slug (D:1)
  6 bats (D:1)
  2 giant cockroaches
  8 goblins
  4 hobgoblins (D:1)
  3 kobolds
  3 rats (D:1)
29 creatures vanquished.

Notes
Turn   | Place    | Note
-------+----------+-------------------------------------------
     0 | D:1      | Gynju the Octopode Wizard began the quest for the Orb.
     0 | D:1      | Reached XP level 1. HP: 11/11 MP: 4/4
   166 | D:1      | Reached XP level 2. HP: 17/17 MP: 0/6
   863 | D:1      | Reached XP level 3. HP: 21/21 MP: 4/7
  1772 | D:2      | Slain by a gnoll

Levels and vault maps discovered:
D:1:      ncdulo_smallfort, layout_rooms, kennysheep_pointless_box
D:2:      layout_loops_ring, lemuel_coloured_pillars_altar

Skill      XL: |  1  2  3 |
---------------+----------+-----
Stealth        | 3 |  3.8
Conjurations   | 2 |  2.0
Dodging        | |  2.0
Spellcasting   | |  3.4
Summonings     | |  1.0
Translocations | |  1.0

Action                   || total
-------------------------++-------
Melee: Unarmed           ||    29
       Tentacles         ||     5
       Constrict         ||     4
 Cast: Magic Dart        ||    74
  Eat: Chunk             ||     1
Armor: Skin              ||     3
Dodge: Dodged            ||    27
